 Dungeon Crawl Stone Soup version 0.27-a0-1273-gec92ba881d (webtiles) character file.

Game seed: 4499052932530362824

47 ZappyNine the Conjurer (level 3, -3/26 HPs)
             Began as a Vampire Conjurer on June 11, 2021.
             Slain by Grinder (5 damage)
             ... on level 3 of the Dungeon.
             The game lasted 00:02:26 (1855 turns).

ZappyNine the Conjurer (Vampire Conjurer)           Turns: 1855, Time: 00:02:27

Health: -3/26      AC:  2    Str:  6    XL:     3   Next: 48%
Magic:  4/6        EV: 12    Int: 21    God:
Gold:   71         SH:  0    Dex: 12    Spells: 4/7 levels left

rFire    . . .     SeeInvis +   d - +3 dagger
rCold    . . .     Faith    .   (no shield)
rNeg     . . .     Spirit   .   a - +0 robe
rPois    .         Reflect  .   (no helmet)
rElec    .         Harm     .   (no cloak)
rCorr    .         Rampage  .   (no gloves)
Will     .....                  (no boots)
Stlth    ++........             (no amulet)
HPRegen  0.28/turn              (no ring)
MPRegen  0.10/turn              (no ring)

@: on berserk cooldown, healing quickly, slowed, very slow
A: alive, fangs 3, see invisible, vampiric 2
a: Exsanguinate


You were on level 3 of the Dungeon.
You visited 1 branch of the dungeon, and saw 3 of its levels.

You collected 71 gold pieces.

Inventory:

Hand Weapons
 c - a +0 club
 d - a +3 dagger (weapon)
Missiles
 k - 5 atropa-tipped darts
Armour
 a - a +0 robe (worn)
Jewellery
 j - a ring of see invisible
Scrolls
 b - 2 scrolls of fog {unknown}
 e - a scroll of enchant armour {unknown}
 g - a scroll of fear {unknown}
 h - a scroll of identify {unknown}
Potions
 l - a potion of heal wounds {unknown}


   Skills:
 + Level 1.3 Fighting
 - Level 2.1 Dodging
 - Level 3.0 Stealth
 + Level 2.5 Spellcasting
 * Level 3.4 Conjurations


You had 4 spell levels left.
You knew the following spells:

 Your Spells              Type           Power      Damage    Failure   Level
a - Magic Dart            Conj           68%        1d6       3%          1
b - Searing Ray           Conj           34%        3d4       5%          2

Your spell library contained the following spells:

 Spells                   Type           Power      Damage    Failure   Level
 Dazzling Flash           Conj/Hex       18%        N/A       21%         3
 Fulminant Prism          Conj/Hex       4%         3d6       56%         4
 Iskenderun's Mystic Bla  Conj/Tloc      9%         2d4       56%         4


Dungeon Overview and Level Annotations

Branches:
Dungeon (3/15)

Altars:

Annotations:
D:3 Grinder


Innate Abilities, Weirdness & Mutations

Your natural rate of healing is accelerated.
You have razor-sharp teeth.
You have supernaturally acute eyesight. (SInv)
You are afflicted with vampirism and can become a bat while bloodless.


Message History

Grinder closely misses you.
You closely miss Grinder.
Grinder is moderately wounded.
Grinder barely misses you.
You hit Grinder.
Grinder is moderately wounded.
Grinder hits you!
Unknown command.
It was a potion of curing.
You feel better. Grinder hits you!
* * * LOW HITPOINT WARNING * * *
You writhe in agony.
* * * LOW HITPOINT WARNING * * *
Unknown command.
Unknown command.
It was a potion of berserk rage.
A red film seems to cover your vision as you go berserk!
You feel yourself moving faster!
You feel mighty! Grinder hits you but does no damage.
Unknown command.
Unknown command.
You hit Grinder.
Grinder is heavily wounded.
Unknown command.
You barely miss Grinder.
Grinder is heavily wounded.
Grinder blinks!
Unknown command.
You feel a strong urge to attack something.
You feel your anger nearly subside.
You are no longer berserk.
You are exhausted.
You feel yourself slow down.
You hit Grinder. You bite Grinder.
Grinder is heavily wounded.
Grinder barely misses you. Grinder closely misses you.
You hit Grinder.
Grinder is heavily wounded.
Grinder hits you.
* * * LOW HITPOINT WARNING * * *
You writhe in agony.
You die...

#.......# #.......#
#...# ........# #...#
#.......# #...###
...#...... +.....
##.#.##### #....#
#.#+##########....#
#...........##.5..#
#...........##.@..#
#...........##....#
#...........##....#
#...........##....#
#..<........'.....#
#.....).....#.......#
#...........#.......#
#...........#.......#
###########.#..._...#


You could see Grinder.

Vanquished Creatures
  An adder (D:2)
  6 endoplasms
  A giant cockroach (D:3)
  3 goblins
  4 hobgoblins (D:1)
  2 jackals (D:2)
  3 kobolds
  3 quokkas
  A ball python (D:3)
  2 bats (D:1)
  3 frilled lizards
  5 rats (D:1)
34 creatures vanquished.

Notes
Turn   | Place    | Note
-------+----------+-------------------------------------------
     0 | D:1      | ZappyNine the Vampire Conjurer began the quest for the Orb.
     0 | D:1      | Reached XP level 1. HP: 13/13 MP: 3/3
   286 | D:1      | Reached XP level 2. HP: 19/20 MP: 3/5
   289 | D:1      | Learned a level 2 spell: Searing Ray
   656 | D:1      | Reached skill level 1 in Fighting
  1176 | D:2      | Gained mutation: You are afflicted with vampirism and can
                  | become a bat while bloodless. [Vampire growth]
  1176 | D:2      | Reached XP level 3. HP: 21/26 MP: 1/6
  1826 | D:3      | Found a faded altar of an unknown god.
  1831 | D:3      | Noticed Grinder
  1832 | D:3      | Paralysed by Grinder for 6 turns
  1839 | D:3      | Paralysed by Grinder for 3 turns
  1846 | D:3      | HP: 1/26 [Grinder (6)]
  1855 | D:3      | Slain by Grinder

Illustrated notes

Levels and vault maps discovered:
D:1:      beargit_arrival_greenhouse, layout_basic
D:2:      layout_rooms, skrybe_limestone_x
D:3:      layout_basic, general_overflow_altar,
          ebering_ecumenical_altar_sacrificial, kennysheep_boxes, uniq_grinder

Skill      XL: |  1  2 |
---------------+-------+-----
Conjurations   | 3 |  3.4
Fighting       | 1 |  1.3
Dodging        | |  2.1
Stealth        | |  3.0
Spellcasting   | |  2.5

Action                   || total
-------------------------++-------
Melee: Unarmed           ||    39
       Club              ||     5
       Bite              ||     7
       Dagger            ||    91
 Cast: Magic Dart        ||    17
       Searing Ray       ||     4
  Use: Potion            ||     2
 Stab: Sleeping          ||     3
Armor: Robe              ||    29
Dodge: Dodged            ||   102

Table legend: (Time is in decaauts)
 A = Elapsed time spent in this place.
 B = Non-inter-level travel time spent in this place.
 C = Inter-level travel time spent in this place.
 D = Time resting spent in this place.
 E = Time spent auto-exploring this place.
 F = Levels seen in this place.
 G = Mean time per level.
                   A        B        C        D        E       F      G
               +--------+--------+--------+--------+--------+-----+--------+
         Total |   1853 |   1813 |     40 |      0 |   1383 |   3 |  617.7 |
       Dungeon |   1853 |   1813 |     40 |      0 |   1383 |   3 |  617.7 |
               +--------+--------+--------+--------+--------+-----+--------+

Top non-repeatable levels by time:
     D:1: 1073 daAuts
     D:2: 621 daAuts
     D:3: 158 daAuts
